| TOP OF THE 1ST |
|
Everett AquaSox batting - Pitching for Idaho Falls Chukars : RHP Brian Owens
|
|
Pitching: RHP Brian Owens
|
|
|
Batting: RHB Antonio Oyola
|
0-0: Swinging Strike 0-1: Ball 1-1: Ball 2-1: Ball 3-1: Swinging Strike 3-2: SINGLE (Groundball, 4MD, EV 101.2 MPH)
|
|
Batting: RHB Tomokazu Sugimoto
|
0-0: Ball Antonio Oyola steals 2nd base 1-0: Called Strike 1-1: Swinging Strike 1-2: Ball 2-2: Fly out, F8 (Flyball, 78S, EV 76.2 MPH)
|
|
Batting: RHB Bryan Alfaro
|
0-0: Called Strike 0-1: Ground out 4-3 (Groundball, 34, EV 92.5 MPH) Antonio Oyola to third
|
|
Batting: RHB Ivan Davila
|
0-0: Ball 1-0: Called Strike 1-1: Ball 2-1: Foul Ball, location: 2F 2-2: Ground out 4-3 (Groundball, 4, EV 101.9 MPH)
|
| Top of the 1st over - 0 runs, 1 hit, 0 errors, 1 left on base; Everett 0 - Idaho Falls 0 |
| BOTTOM OF THE 1ST |
|
Idaho Falls Chukars batting - Pitching for Everett AquaSox : RHP Ron Skiles
|
|
Pitching: RHP Ron Skiles
|
|
|
Batting: RHB Jon Shonka
|
0-0: Called Strike 0-1: Fly out, F3 (Popup, 23F, EV 91.2 MPH)
|
|
Batting: RHB Joe Gabriel
|
0-0: Fly out, F3 (Popup, 23F, EV 93.8 MPH)
|
|
Batting: LHB Vicente Hernandez
|
0-0: Called Strike 0-1: Ball 1-1: Ball 2-1: Foul Ball, location: 2F 2-2: SINGLE (Groundball, 4MD, EV 96.2 MPH)
|
|
Batting: RHB Hugo Chavez
|
0-0: Called Strike 0-1: Ball Wild Pitch! Vicente Hernandez to second 1-1: Foul Ball, location: 2F 1-2: Strikes out looking
|
| Bottom of the 1st over - 0 runs, 1 hit, 0 errors, 1 left on base; Everett 0 - Idaho Falls 0 |
| TOP OF THE 2ND |
|
Everett AquaSox batting - Pitching for Idaho Falls Chukars : RHP Brian Owens
|
|
Batting: SHB Tony Morales
|
0-0: Foul Ball, location: 2F 0-1: Ball 1-1: Called Strike 1-2: Ball 2-2: Ball 3-2: Base on Balls
|
|
Batting: RHB Sal Cervantes
|
0-0: Ball Tony Morales steals 2nd base 1-0: SINGLE (Groundball, 56S, EV 66.9 MPH) (infield hit) Tony Morales to third
|
|
Batting: RHB Danny Pujols
|
0-0: Called Strike Sal Cervantes steals 2nd base 0-1: Ground out 6-3 (Groundball, 6, EV 85.0 MPH) Tony Morales scores Sal Cervantes to third
|
|
Batting: RHB Egidius Kruger
|
0-0: Swinging Strike 0-1: Ball 1-1: Foul Ball, location: 2F 1-2: Ball 2-2: Strikes out looking
|
|
Batting: SHB Raghnall Ahearne
|
0-0: Ball 1-0: Called Strike 1-1: Fly out, F8 (Line Drive, 8LM, EV 89.4 MPH)
|
| Top of the 2nd over - 1 run, 1 hit, 0 errors, 1 left on base; Everett 1 - Idaho Falls 0 |
| BOTTOM OF THE 2ND |
|
Idaho Falls Chukars batting - Pitching for Everett AquaSox : RHP Ron Skiles
|
|
Batting: RHB Masakuni Takeuchi
|
0-0: Called Strike 0-1: Called Strike 0-2: Strikes out swinging
|
|
Batting: RHB Shura Mogilny
|
0-0: Called Strike 0-1: Ball 1-1: Swinging Strike 1-2: Ball 2-2: Strikes out looking
|
|
Batting: RHB Jason Conner
|
0-0: Ball 1-0: Foul Ball, location: 2F 1-1: Ball 2-1: Ball 3-1: Called Strike 3-2: Strikes out swinging
|
| Bottom of the 2nd over - 0 runs, 0 hits, 0 errors, 0 left on base; Everett 1 - Idaho Falls 0 |
| TOP OF THE 3RD |
|
Everett AquaSox batting - Pitching for Idaho Falls Chukars : RHP Brian Owens
|
|
Batting: RHB Antonio Oyola
|
0-0: Called Strike 0-1: Ground out 4-3 (Groundball, 34, EV 87.5 MPH)
|
|
Batting: RHB Tomokazu Sugimoto
|
0-0: TRIPLE (Flyball, 89XD, EV 113.1 MPH)
|
|
Batting: RHB Bryan Alfaro
|
0-0: Called Strike 0-1: Swinging Strike 0-2: SINGLE (Line Drive, 4MD, EV 108.1 MPH) Tomokazu Sugimoto scores
|
|
Batting: RHB Ivan Davila
|
0-0: Called Strike Bryan Alfaro is caught stealing 2nd base 2-4 0-1: Ball 1-1: Ball 2-1: Ball 3-1: Base on Balls
|
|
Batting: SHB Tony Morales
|
0-0: Foul Ball, location: 2F 0-1: SINGLE (Line Drive, 8RS, EV 102.5 MPH) Ivan Davila to second
|
|
Batting: RHB Sal Cervantes
|
0-0: Ground out U3 (Groundball, 34, EV 103.8 MPH)
|
| Top of the 3rd over - 1 run, 3 hits, 0 errors, 2 left on base; Everett 2 - Idaho Falls 0 |
| BOTTOM OF THE 3RD |
|
Idaho Falls Chukars batting - Pitching for Everett AquaSox : RHP Ron Skiles
|
|
Batting: RHB Dermott Ayliffe
|
0-0: Foul Ball, location: 2F 0-1: Swinging Strike 0-2: Foul Ball, location: 2F 0-2: Ball 1-2: SOLO HOME RUN (Flyball, 7D, EV 97.5 MPH), Distance : 381 ft
|
|
Batting: RHB Matt Weddle
|
0-0: Called Strike 0-1: Foul Ball, location: 2F 0-2: Ball 1-2: Strikes out looking
|
|
Batting: RHB Jon Shonka
|
0-0: SOLO HOME RUN (Flyball, 7LD, EV 91.9 MPH), Distance : 356 ft
|
|
Batting: RHB Joe Gabriel
|
0-0: Ball 1-0: Called Strike 1-1: Swinging Strike 1-2: Strikes out swinging
|
|
Batting: LHB Vicente Hernandez
|
0-0: SINGLE (Groundball, 56D, EV 97.5 MPH)
|
|
Batting: RHB Hugo Chavez
|
0-0: Swinging Strike 0-1: Foul Ball, location: 2F 0-2: Ball 1-2: Strikes out swinging
|
| Bottom of the 3rd over - 2 runs, 3 hits, 0 errors, 1 left on base; Everett 2 - Idaho Falls 2 |
| TOP OF THE 4TH |
|
Everett AquaSox batting - Pitching for Idaho Falls Chukars : RHP Brian Owens
|
|
Batting: RHB Danny Pujols
|
0-0: Fly out, F9 (Flyball, 89D, EV 104.4 MPH)
|
|
Batting: RHB Egidius Kruger
|
0-0: Called Strike 0-1: Ball 1-1: Foul Ball, location: 2F 1-2: Single, Error in OF, E8, batter to second base (Groundball, 6MD, EV 98.1 MPH)
|
|
Batting: SHB Raghnall Ahearne
|
0-0: Ball 1-0: SINGLE (Groundball, 6S, EV 94.4 MPH) Egidius Kruger to third Runner from 3rd tries for Home, SAFE, throw by CF to home
|
|
Batting: RHB Antonio Oyola
|
0-0: Ball Raghnall Ahearne steals 2nd base 1-0: Foul Ball, location: 2F 1-1: Foul Ball, location: 2F 1-2: Ball 2-2: Ball 3-2: Strikes out looking
|
|
Batting: RHB Tomokazu Sugimoto
|
0-0: Ball 1-0: Ball 2-0: Swinging Strike 2-1: Called Strike 2-2: Ball 3-2: Ground out 4-3 (Groundball, 4M, EV 100.0 MPH)
|
| Top of the 4th over - 1 run, 2 hits, 1 error, 1 left on base; Everett 3 - Idaho Falls 2 |
| BOTTOM OF THE 4TH |
|
Idaho Falls Chukars batting - Pitching for Everett AquaSox : RHP Ron Skiles
|
|
Batting: RHB Masakuni Takeuchi
|
0-0: Called Strike 0-1: Swinging Strike 0-2: Foul Ball, location: 2F 0-2: Ball 1-2: Strikes out swinging
|
|
Batting: RHB Shura Mogilny
|
0-0: Ball 1-0: Ball 2-0: Foul Ball, location: 2F 2-1: Called Strike 2-2: Ball 3-2: Strikes out swinging
|
|
Batting: RHB Jason Conner
|
0-0: SINGLE (Line Drive, 7S, EV 101.2 MPH)
|
|
Batting: RHB Dermott Ayliffe
|
0-0: Ball 1-0: Ball 2-0: Called Strike 2-1: Swinging Strike 2-2: Ball 3-2: Foul Ball, location: 2F 3-2: Base on Balls Jason Conner to second
|
|
Batting: RHB Matt Weddle
|
0-0: Foul Ball, location: 2F 0-1: Ball 1-1: Called Strike 1-2: Ball 2-2: Ball 3-2: Base on Balls Jason Conner to third Dermott Ayliffe to second
|
|
Batting: RHB Jon Shonka
|
0-0: Called Strike 0-1: Foul Ball, location: 2F 0-2: Strikes out swinging
|
| Bottom of the 4th over - 0 runs, 1 hit, 0 errors, 3 left on base; Everett 3 - Idaho Falls 2 |
| TOP OF THE 5TH |
|
Everett AquaSox batting - Pitching for Idaho Falls Chukars : RHP Brian Owens
|
|
Batting: RHB Bryan Alfaro
|
0-0: Foul Ball, location: 2F 0-1: Called Strike 0-2: Hit by Pitch
|
|
Batting: RHB Ivan Davila
|
0-0: Ball 1-0: Called Strike 1-1: Called Strike 1-2: Foul Ball, location: 2F 1-2: Ball 2-2: Hit by Pitch Bryan Alfaro to second
|
|
Batting: SHB Tony Morales
|
0-0: SINGLE (Groundball, 6D, EV 106.9 MPH) Bryan Alfaro to third Ivan Davila to second
|
|
Batting: RHB Sal Cervantes
|
0-0: Foul Ball, location: 2F 0-1: Ball 1-1: SINGLE (Groundball, 56D, EV 106.9 MPH) Bryan Alfaro scores Ivan Davila to third Tony Morales to second
|
|
Pitching: RHP Chance Griffin
|
|
|
Batting: RHB Danny Pujols
|
0-0: Foul Ball, location: 2F 0-1: Fly out, F9 (Flyball, 9D, EV 93.1 MPH) Runner from 3rd tags up, SCORES, no throw by RF Tony Morales to third
|
|
Batting: RHB Egidius Kruger
|
0-0: Ball Sal Cervantes steals 2nd base 1-0: Foul Ball, location: 2F 1-1: Ball 2-1: Ball 3-1: Called Strike 3-2: 3-RUN HOME RUN (Flyball, 7LD, EV 95.0 MPH), Distance : 352 ft
|
|
Batting: SHB Raghnall Ahearne
|
0-0: Called Strike 0-1: Foul Ball, location: 2F 0-2: Ball 1-2: Strikes out swinging
|
|
Batting: RHB Antonio Oyola
|
0-0: Called Strike 0-1: Ball 1-1: Ball 2-1: Ball 3-1: Foul Ball, location: 2F 3-2: Foul Ball, location: 2F 3-2: SINGLE (Groundball, 6MD, EV 95.0 MPH)
|
|
Batting: RHB Tomokazu Sugimoto
|
0-0: Ball 1-0: Called Strike 1-1: Ball Antonio Oyola steals 2nd base 2-1: Ground out U3 (Groundball, 3L, EV 111.2 MPH)
|
| Top of the 5th over - 5 runs, 4 hits, 0 errors, 1 left on base; Everett 8 - Idaho Falls 2 |
| BOTTOM OF THE 5TH |
|
Idaho Falls Chukars batting - Pitching for Everett AquaSox : RHP Ron Skiles
|
|
Batting: RHB Joe Gabriel
|
0-0: Swinging Strike 0-1: Foul Ball, location: 2F 0-2: Ball 1-2: Foul Ball, location: 2F 1-2: Ball 2-2: Strikes out swinging
|
|
Pitching: RHP Raul Lopez
|
|
|
Batting: LHB Vicente Hernandez
|
0-0: Ball 1-0: Ground out 2-3 (Groundball, 15S, EV 63.8 MPH)
|
|
Batting: RHB Hugo Chavez
|
0-0: Called Strike 0-1: Fly out, F9 (Flyball, 9LD, EV 94.4 MPH)
|
| Bottom of the 5th over - 0 runs, 0 hits, 0 errors, 0 left on base; Everett 8 - Idaho Falls 2 |
| TOP OF THE 6TH |
|
Everett AquaSox batting - Pitching for Idaho Falls Chukars : RHP Chance Griffin
|
|
Batting: RHB Bryan Alfaro
|
0-0: Swinging Strike 0-1: Ball 1-1: Fly out, F3 (Popup, 3F, EV 68.1 MPH)
|
|
Batting: RHB Ivan Davila
|
0-0: Ball 1-0: SOLO HOME RUN (Flyball, 78XD, EV 106.9 MPH), Distance : 399 ft
|
|
Batting: SHB Tony Morales
|
0-0: Called Strike 0-1: Foul Ball, location: 2F 0-2: Ball 1-2: Ground out 6-3 (Groundball, 6, EV 101.2 MPH)
|
|
Batting: RHB Sal Cervantes
|
0-0: Ball 1-0: Called Strike 1-1: Swinging Strike 1-2: Foul Ball, location: 2F 1-2: Fly out, F7 (Flyball, 7, EV 90.0 MPH)
|
| Top of the 6th over - 1 run, 1 hit, 0 errors, 0 left on base; Everett 9 - Idaho Falls 2 |
| BOTTOM OF THE 6TH |
|
Idaho Falls Chukars batting - Pitching for Everett AquaSox : RHP Raul Lopez
|
|
Batting: RHB Masakuni Takeuchi
|
0-0: Called Strike 0-1: Ball 1-1: Ball 2-1: Foul Ball, location: 2F 2-2: Foul Ball, location: 2F 2-2: Strikes out looking
|
|
Batting: RHB Shura Mogilny
|
0-0: Called Strike 0-1: Foul Ball, location: 2F 0-2: Strikes out swinging
|
|
Batting: RHB Jason Conner
|
0-0: Ball 1-0: Ball 2-0: Ball 3-0: Called Strike 3-1: Base on Balls
|
|
Batting: RHB Dermott Ayliffe
|
0-0: SINGLE (Groundball, 3, EV 98.8 MPH) Jason Conner to second Runner from 2nd tries for 3rd, SAFE, throw by RF made to third
|
|
Batting: RHB Matt Weddle
|
0-0: Ball 1-0: Ball 2-0: Fielders Choice at 2nd, 5-4 (Groundball, 56, EV 91.9 MPH)
|
| Bottom of the 6th over - 0 runs, 1 hit, 0 errors, 2 left on base; Everett 9 - Idaho Falls 2 |
| TOP OF THE 7TH |
|
Everett AquaSox batting - Pitching for Idaho Falls Chukars : RHP Chance Griffin
|
|
Pitching: RHP Itsuki Eguchi
|
|
|
Batting: RHB Danny Pujols
|
0-0: Called Strike 0-1: Ground out 4-3 (Groundball, 4, EV 94.4 MPH)
|
|
Batting: RHB Egidius Kruger
|
0-0: Foul Ball, location: 2F 0-1: Ball 1-1: Called Strike 1-2: Strikes out swinging
|
|
Batting: SHB Raghnall Ahearne
|
0-0: Ball 1-0: Called Strike 1-1: Called Strike 1-2: Strikes out swinging
|
| Top of the 7th over - 0 runs, 0 hits, 0 errors, 0 left on base; Everett 9 - Idaho Falls 2 |
| BOTTOM OF THE 7TH |
|
Idaho Falls Chukars batting - Pitching for Everett AquaSox : RHP Raul Lopez
|
|
Batting: RHB Jon Shonka
|
0-0: Ground out 1-3 (Groundball, 13, EV 66.9 MPH)
|
|
Batting: RHB Joe Gabriel
|
0-0: Ball 1-0: Ball 2-0: Ball 3-0: Called Strike 3-1: Base on Balls
|
|
Batting: LHB Vicente Hernandez
|
0-0: Called Strike 0-1: Ball 1-1: Ball 2-1: Foul Ball, location: 2F 2-2: Foul Ball, location: 2F 2-2: Strikes out swinging
|
|
Batting: RHB Hugo Chavez
|
0-0: Ball Joe Gabriel steals 2nd base (no throw) 1-0: Called Strike 1-1: Foul Ball, location: 2F 1-2: Strikes out swinging
|
| Bottom of the 7th over - 0 runs, 0 hits, 0 errors, 1 left on base; Everett 9 - Idaho Falls 2 |
| TOP OF THE 8TH |
|
Everett AquaSox batting - Pitching for Idaho Falls Chukars : RHP Itsuki Eguchi
|
|
Batting: RHB Antonio Oyola
|
0-0: Ball 1-0: Called Strike 1-1: Called Strike 1-2: Ball 2-2: Ball 3-2: Base on Balls
|
|
Batting: RHB Tomokazu Sugimoto
|
0-0: Ball Antonio Oyola steals 2nd base 1-0: Ball 2-0: Ball Wild Pitch! Antonio Oyola to third 3-0: Base on Balls
|
|
Batting: RHB Bryan Alfaro
|
0-0: Called Strike Tomokazu Sugimoto steals 2nd base (no throw) 0-1: Called Strike 0-2: Foul Ball, location: 2F 0-2: Strikes out looking
|
|
Batting: RHB Ivan Davila
|
0-0: Called Strike 0-1: Reached on error, E6 (Groundball, 6, EV 86.2 MPH) Antonio Oyola scores Tomokazu Sugimoto to third
|
|
Batting: SHB Tony Morales
|
0-0: Called Strike 0-1: Foul Ball, location: 2F 0-2: Strikes out swinging
|
|
Batting: RHB Sal Cervantes
|
0-0: Ball 1-0: Ball 2-0: Ball 3-0: Called Strike 3-1: Foul Ball, location: 2F 3-2: Base on Balls Ivan Davila to second
|
|
Batting: RHB Danny Pujols
|
0-0: Ball 1-0: Fly out, F8 (Flyball, 8RXD, EV 87.5 MPH)
|
| Top of the 8th over - 1 run, 0 hits, 1 error, 3 left on base; Everett 10 - Idaho Falls 2 |
| BOTTOM OF THE 8TH |
|
Idaho Falls Chukars batting - Pitching for Everett AquaSox : RHP Raul Lopez
|
|
Batting: RHB Masakuni Takeuchi
|
0-0: Ball 1-0: Ball 2-0: Foul Ball, location: 2F 2-1: Foul Ball, location: 2F 2-2: Ball 3-2: Base on Balls
|
|
Pitching: RHP Aaron Black
|
|
|
Batting: RHB Shura Mogilny
|
0-0: Ball 1-0: Fielders Choice at 2nd, 5-4 (Groundball, 56, EV 90.6 MPH)
|
|
Batting: RHB Jason Conner
|
0-0: SINGLE (Line Drive, 56D, EV 95.0 MPH) Shura Mogilny to second
|
|
Batting: RHB Dermott Ayliffe
|
0-0: Called Strike 0-1: Grounds into double play, 6-4-3 (Groundball, 6, EV 109.4 MPH)
|
| Bottom of the 8th over - 0 runs, 1 hit, 0 errors, 1 left on base; Everett 10 - Idaho Falls 2 |
| TOP OF THE 9TH |
|
Everett AquaSox batting - Pitching for Idaho Falls Chukars : RHP Itsuki Eguchi
|
|
Pitching: LHP Tristan Irwin
|
|
|
Batting: RHB Egidius Kruger
|
0-0: Ball 1-0: Ground out 6-3 (Groundball, 6, EV 91.9 MPH)
|
|
Batting: SHB Raghnall Ahearne
|
0-0: Foul Ball, location: 2F 0-1: Ball 1-1: Fly out, F8 (Flyball, 8RM, EV 92.5 MPH)
|
|
Batting: RHB Antonio Oyola
|
0-0: Ball 1-0: Ball 2-0: Ball 3-0: Called Strike 3-1: Base on Balls
|
|
Batting: RHB Tomokazu Sugimoto
|
0-0: Called Strike 0-1: Ground out 4-3 (Groundball, 4, EV 75.6 MPH)
|
| Top of the 9th over - 0 runs, 0 hits, 0 errors, 1 left on base; Everett 10 - Idaho Falls 2 |
| BOTTOM OF THE 9TH |
|
Idaho Falls Chukars batting - Pitching for Everett AquaSox : RHP Aaron Black
|
|
Pinch Hitting: RHB Chance Argy
|
0-0: Called Strike 0-1: Ball 1-1: Swinging Strike 1-2: Ball 2-2: Strikes out swinging
|
|
Batting: RHB Jon Shonka
|
0-0: Foul Ball, location: 2F 0-1: Swinging Strike 0-2: Ball 1-2: Fly out, F4 (Popup, 4S, EV 64.4 MPH)
|
|
Batting: RHB Joe Gabriel
|
0-0: Ball 1-0: Ball 2-0: Ball 3-0: Base on Balls
|
|
Batting: LHB Vicente Hernandez
|
0-0: Ball Wild Pitch! Joe Gabriel to second 1-0: Ball 2-0: Ball Passed Ball! Joe Gabriel to third 3-0: Called Strike 3-1: Swinging Strike 3-2: Foul Ball, location: 2F 3-2: Strikes out swinging
|
| Bottom of the 9th over - 0 runs, 0 hits, 0 errors, 1 left on base; Everett 10 - Idaho Falls 2 |
|